 Dungeon Crawl Stone Soup version 0.29-a0-378-gc08b2e8bf8 (webtiles) character file.

Game seed: 8434146770147090869

2926 zeratav the Basher (level 9, -2/81 HPs)
             Began as a Hill Orc Fighter on May 4, 2022.
             Was a Believer of Uskayaw.
             Slain by a gargoyle
             ... wielding a +0 mace
              (14 damage)
             ... in a bailey.
             The game lasted 00:12:39 (7892 turns).

zeratav the Basher (Hill Orc Fighter)               Turns: 7892, Time: 00:12:40

Health: -2/81      AC: 11    Str: 23    XL:     9   Next: 79%
Magic:  12/12      EV: 11    Int:  8    God:    Uskayaw [**....]
Gold:   442        SH:  5    Dex: 10    Spells: 8/8 levels left

rFire   . . .      SeeInvis .   F - +9 mace of Regicide {freeze, Will+, mace}
rCold   . . .      Faith    .   c - +0 buckler
rNeg    . . .      Spirit   .   u - +0 chain mail
rPois   .          Reflect  .   (no helmet)
rElec   .          Harm     .   (no cloak)
rCorr   .          Rampage  .   X - +0 pair of gloves
Will    ++...                   (no boots)
Stlth   ..........              (no amulet)
HPRegen 0.23/turn               t - +4 ring of evasion
MPRegen 0.13/turn               P - ring of willpower

@: no status effects
A: no striking features
a: Renounce Religion, Stomp, Line Pass


You were in a bailey.
You worshipped Uskayaw.
Uskayaw was noncommittal.
You visited 2 branches of the dungeon, and saw 9 of its levels.
You also visited: Bailey.

You collected 442 gold pieces.


   Skills:
 - Level 8.0 Fighting
 - Level 2.6(7.9) Axes
 - Level 9.8(10.0) Maces & Flails
 + Level 7.0 Armour
 + Level 5.1 Shields
 + Level 4.5 Invocations


You had 8 spell levels left.
You didn't know any spells.
Your spell library contained the following spells:

 Spells                   Type           Power      Damage    Failure   Level
 Blink                    Tloc           0%         N/A       99%         2
 Lesser Beckoning         Tloc           0%         N/A       100%        3
 Leda's Liquefaction      Hex/Erth       0%         N/A       100%        4
 Lee's Rapid Deconstruct  Erth           0%         3d5*      100%        5
 Manifold Assault         Tloc           0%         N/A       100%        5
 Statue Form              Tmut/Erth      0%         N/A       100%        6

Inventory:

Hand Weapons
 a - a +0 war axe {axe}
 m - a +4 mace {mace}
   (You found it on level 1 of the Dungeon)
 F - the +9 mace of Regicide (weapon) {freeze, Will+, mace}
   (You took it off an orc on level 4 of the Dungeon)

   It freezes those it strikes, dealing additional cold damage.
   It can also slow down cold-blooded creatures.
   Will:      It increases your willpower.
 T - a +0 vorpal flail {mace}
   (You took it off Edmund on level 5 of the Dungeon)
Missiles
 j - a curare-tipped dart {=fthrowing}
 n - 8 javelins (quivered) {throwing}
Armour
 c - a +0 buckler (worn)
 p - a +0 robe
   (You found it on level 7 of the Dungeon)
 u - a +0 chain mail (worn)
   (You found it on level 2 of the Dungeon)
 C - a +0 chain mail
   (You took it off an orc on level 7 of the Dungeon)
 D - a +0 scale mail
   (You took it off an orc priest on level 7 of the Dungeon)
 E - a +0 plate armour
   (You took it off an orc warrior on level 7 of the Dungeon)
 G - a +0 chain mail
   (You took it off an orc on level 7 of the Dungeon)
 H - a +0 robe
   (You took it off an orc wizard on level 7 of the Dungeon)
 I - a +0 robe
   (You took it off an orc wizard on level 7 of the Dungeon)
 J - a +0 chain mail
   (You took it off an orc warrior on level 7 of the Dungeon)
 X - a +0 pair of gloves (worn)
   (You found it on level 6 of the Dungeon)
Jewellery
 t - a +4 ring of evasion (left hand)
   (You found it on level 2 of the Dungeon)
 P - a ring of willpower (right hand)
   (You found it on level 5 of the Dungeon)
Wands
 b - a wand of acid (6)
   (You found it on level 6 of the Dungeon)
 v - a wand of paralysis (6)
   (You found it on level 7 of the Dungeon)
 W - a wand of flame (23)
   (You found it on level 6 of the Dungeon)
Scrolls
 i - 2 scrolls of enchant weapon {unknown}
 k - a scroll of fear {unknown}
 l - 3 scrolls of magic mapping {unknown}
 q - a scroll of summoning {unknown}
 r - 2 scrolls of amnesia {unknown}
 s - 2 scrolls of vulnerability {unknown}
 w - a scroll of teleportation {unknown}
 x - 2 scrolls of poison {unknown}
 y - a scroll of fog {unknown}
 K - a scroll of enchant armour {unknown}
 L - a scroll of identify {unknown}
 Q - 3 scrolls of blinking {unknown}
 U - 2 scrolls of noise {unknown}
 V - a scroll of torment {unknown}
Potions
 d - a potion of might
 e - 2 potions of curing {@q1}
 f - a potion of ambrosia {unknown}
 g - a potion of flight {unknown}
 h - a potion of degeneration {unknown}
 o - 2 potions of attraction {unknown}
 z - a potion of magic {unknown}
 A - a potion of haste {unknown}
 B - 2 potions of heal wounds {unknown}

Dungeon Overview and Level Annotations

Branches:
Dungeon (8/15)             Temple (1/1) D:5          Bailey (1/1)
   Lair: D:8-11

Altars:
Ashenzari
Cheibriados
Dithmenos
Elyvilon
Fedhas
Hepliaklqana
Kikubaaqudgha
Makhleb
Nemelex Xobeh
Okawaru
Qazlal
Ru
Sif Muna
Trog
Uskayaw
Wu Jian
Xom
Zin

+...............#....♣♣
#...............#.8...♣
#.......♣..####+#.....♣
.......♣.♣.#....#.....♣
#..♣........#..).#....♣♣
.........#).#'##'#♣♣
......Z#..#....#
#..)####....#
#.@..'....# ##Z9.'....#
#...#....# .......#....#
#......#+#### ##.....#
#######


You could see a gargoyle and 2 orc zombies.


Message History

No target in view!
No target in view!
No target in view!
No target in view!
No target in view!
No target in view!
No target in view!
There is an open door, spattered with blood here.
HP[+1]
You open the door.
An orc zombie comes into view. It is wielding a +0 spear.
HP[+1]
There is an open door here.
You barely miss the orc zombie. You block the orc zombie's attack.
You hit the orc zombie. The orc zombie misses you.
You barely miss the orc zombie. The orc zombie barely misses you.
You completely miss the orc zombie.
HP[+1]
You barely miss the orc zombie.
The orc zombie hits you but does no damage.
You barely miss the orc zombie. The orc zombie misses you.
You thump the orc zombie!
You destroy the orc zombie!
An orc zombie comes into view. It is wielding a +0 spear.
You block the orc zombie's attack.
You see here a +0 spear {polearm}.
HP[+1]
The orc zombie hits you but does no damage.
The orc zombie hits you but does no damage.
You barely miss the orc zombie. The orc zombie barely misses you.
You hit the orc zombie. You thump the orc zombie!
You destroy the orc zombie!
HP[+1]
Your hp is fully restored (81).
You see here a +0 spear {polearm}.
You see here a +0 spear {polearm}.
There is an open door here.
You open the large door.
An orc warrior zombie, an orc zombie and a gargoyle come into view.
The orc warrior zombie moves out of view.
There is a large open door here.
An orc zombie comes into view. It is wielding a +0 spear.
There is a large open door here.
Uskayaw will no longer force your foes to helplessly watch your dance.
The orc zombie barely misses you.
The orc warrior zombie closely misses you.
The orc zombie hits you but does no damage.
The orc zombie hits you from afar with a +0 spear.
The gargoyle hits you with a +0 mace.
You can no longer pass through a line of other dancers.
HP[-7]
You take 7 damage, and now have 74/81 hp.
You sock the orc warrior zombie! You freeze the orc warrior zombie.
The orc warrior zombie hits you with a +0 halberd!
The gargoyle hits you with a +0 mace!
The orc zombie hits you but does no damage. x2
HP[-30]
You take 30 damage, and now have 44/81 hp.
MASSIVE DAMAGE!! (PAUSE)
You hit the orc warrior zombie.
The orc warrior zombie hits you with a +0 halberd!
* * * LOW HITPOINT WARNING * * *
The gargoyle barely misses you.
HP[-9]
You take 9 damage, and now have 35/81 hp.
You completely miss the orc warrior zombie.
The orc zombie hits you with a +0 spear.
* * * LOW HITPOINT WARNING * * *
The orc zombie hits you but does no damage.
HP[-4]
You take 4 damage, and now have 31/81 hp.
You thump the orc warrior zombie! The gargoyle closely misses you.
The orc warrior zombie hits you with a +0 halberd.
* * * LOW HITPOINT WARNING * * *
The orc zombie hits you but does no damage.
You block the orc zombie's attack.
HP[-4]
You take 4 damage, and now have 27/81 hp.
You sock the orc warrior zombie!
You destroy the orc warrior zombie!
The gargoyle hits you but does no damage.
The orc zombie hits you with a +0 spear.
* * * LOW HITPOINT WARNING * * *
HP[-3]
You take 3 damage, and now have 24/81 hp.
You hit the orc zombie.
The gargoyle hurls a stone arrow at you.
The stone arrow hits you!
* * * LOW HITPOINT WARNING * * *
You block the orc zombie's attack.
You can now pass through a line of other dancers.
HP[-12]
You take 12 damage, and now have 12/81 hp.
Aiming: Paralyse
Press: ? - help, Q - select action, (/) - cycle Shift-Dir - straight line, f - orc zombie
Aim: an orc zombie, wielding a +0 spear (severely damaged, chance to affect: 65%)
The orc zombie suddenly stops moving!
The gargoyle hits you with a +0 mace!
You die...

Skill      XL: |  1  2  3  4  5  6  7  8  9 |
---------------+----------------------------+-----
Fighting       | 4 5 6 8 |  8.0
Armour         | 5 7 |  7.0
Maces & Flails | 4 9 |  9.8
Invocations    | 4 |  4.5
Shields        | 5 |  5.1
Axes           | |  2.6

Action                   |  1- 3 |  4- 6 |  7- 9 || total
-------------------------+-------+-------+-------++-------
Melee: War axe           |    92 |   113 |       ||   205
       Mace              |       |    17 |   244 ||   261
Throw: Javelin           |       |    10 |     5 ||    15
Invok: Line Pass         |       |       |     1 ||     1
Evoke: Wand              |       |       |     1 ||     1
  Use: Potion            |       |       |     1 ||     1
 Stab: Paralysed         |       |       |     5 ||     5
Armor: Scale mail        |    57 |    20 |       ||    77
       Chain mail        |       |    57 |   170 ||   227
Dodge: Dodged            |    37 |    87 |   193 ||   317
Block: Buckler           |    21 |    30 |    88 ||   139

Levels and vault maps discovered:
D:1:      moated_graveyard_arrival, layout_loops_ring
D:2:      layout_basic
D:3:      layout_loops_ring, tgw_sif, mainiacjoe_overflow_small_starburst,
          shapermc_ecumenical_altar_mp_highgroup
D:4:      layout_gridville, nrook_mini_vaults
D:5:      layout_cave_pools, nicolae_hepliaklqana_hippocampus,
          minmay_temple_entry_from_below_b, kennysheep_generic_room_10,
          uniq_edmund
D:6:      layout_cave_pools
D:7:      layout_loops_ring, mainiacjoe_overflow_cross_hatched
D:8:      layout_basic, enter_bailey_4, minivault_1, uniq_grum, uniq_gastronok,
          uniq_maurice
Temple:   zaba_magenta_temple
Bailey:   bailey_polearm_vampire_castle_hellmonk, bailey

Notes
Turn   | Place    | Note
-------+----------+-------------------------------------------
     0 | D:1      | zeratav the Hill Orc Fighter began the quest for the Orb.
     0 | D:1      | Reached XP level 1. HP: 19/19 MP: 1/1
     0 | D:1      | magus.rc [v1.9.6]
   170 | D:1      | Reached skill level 4 in Fighting
   484 | D:1      | Reached XP level 2. HP: 27/27 MP: 2/2
  1419 | D:2      | Reached skill level 5 in Fighting
  1419 | D:2      | Reached XP level 3. HP: 24/36 MP: 3/3
  1948 | D:2      | Reached XP level 4. HP: 43/44 MP: 4/4
  2190 | D:3      | Reached skill level 6 in Fighting
  2199 | D:3      | Reached XP level 5. HP: 17/51 MP: 5/5
  2478 | D:3      | Found an iron altar of Okawaru.
  2559 | D:3      | Reached skill level 7 in Fighting
  2740 | D:3      | Noticed Jessica
  2742 | D:3      | Killed Jessica
  2754 | D:3      | Found a shimmering blue altar of Sif Muna.
  2808 | D:3      | Reached skill level 8 in Fighting
  2808 | D:3      | Reached XP level 6. HP: 52/61 MP: 6/6
  3189 | D:3      | Found a faded altar of an unknown god.
  3362 | D:4      | Reached skill level 4 in Armour
  3579 | D:4      | Identified the +9 mace of Regicide {freeze, Will+}
  3701 | D:4      | Reached skill level 5 in Armour
  3707 | D:4      | Reached XP level 7. HP: 32/68 MP: 7/7
  3932 | D:4      | You pick up a book of the Earth and begin reading...
  3932 | D:4      | You add the spells Leda's Liquefaction, Lee's Rapid
                  | Deconstruction and Statue Form to your library.
  4467 | D:4      | You pick up a book of Spatial Translocations and begin
                  | reading...
  4467 | D:4      | You add the spells Blink, Lesser Beckoning and Manifold
                  | Assault to your library.
  4577 | D:5      | Entered Level 5 of the Dungeon
  4590 | D:4      | Reached skill level 1 in Maces & Flails
  4591 | D:4      | HP: 15/68 [orc priest/divine providence (15)]
  4592 | D:4      | Reached skill level 2 in Maces & Flails
  4601 | D:4      | Reached skill level 3 in Maces & Flails
  4879 | D:5      | Reached skill level 4 in Maces & Flails
  4913 | D:5      | Reached XP level 8. HP: 74/74 MP: 8/8
  4944 | D:5      | Reached skill level 5 in Maces & Flails
  4945 | D:5      | Found a staircase to the Ecumenical Temple.
  5078 | D:5      | Found a hazy altar of Hepliaklqana.
  5131 | D:5      | Noticed Edmund
  5140 | D:5      | Killed Edmund
  5141 | D:5      | Reached skill level 6 in Maces & Flails
  5545 | D:6      | Reached skill level 7 in Maces & Flails
  5623 | D:6      | HP: 15/74 [kobold/+1 dagger of venom (4)]
  5624 | D:6      | HP: 6/74 [black bear (2)]
  5629 | D:6      | HP: 11/74 [black bear (2)]
  5635 | D:6      | Reached skill level 8 in Maces & Flails
  6386 | D:6      | Reached skill level 9 in Maces & Flails
  6386 | D:6      | Reached XP level 9. HP: 81/81 MP: 9/9
  6474 | Temple   | Entered the Ecumenical Temple
  6566 | Temple   | Became a worshipper of Uskayaw the Reveller
  6651 | D:7      | Reached * piety under Uskayaw
  6701 | D:7      | Found a broken altar of Ashenzari.
  6730 | D:7      | Reached ** piety under Uskayaw
  6952 | D:7      | Reached *** piety under Uskayaw
  6959 | D:7      | Reached **** piety under Uskayaw
  7208 | D:7      | Reached skill level 1 in Invocations
  7263 | D:7      | Reached skill level 6 in Armour
  7276 | D:7      | Reached skill level 2 in Invocations
  7415 | D:8      | Reached skill level 4 in Shields
  7432 | D:8      | Found a flagged portal.
  7444 | Bailey   | Entered a bailey
  7676 | Bailey   | Reached skill level 3 in Invocations
  7841 | Bailey   | Reached ***** piety under Uskayaw
  7842 | Bailey   | Reached skill level 4 in Invocations
  7847 | Bailey   | Reached skill level 5 in Shields
  7848 | Bailey   | Reached ****** piety under Uskayaw
  7849 | Bailey   | Reached skill level 7 in Armour
  7881 | Bailey   | Noticed a gargoyle
  7891 | Bailey   | HP: 12/81 [gargoyle/stone arrow (12)]
  7892 | Bailey   | Slain by a gargoyle

Vanquished Creatures
  Edmund (D:5)
  2 orc warriors (D:7)
  2 ice beasts
  A sky beast (D:7)
  An ogre (D:5)
  2 black bears (D:6)
  A centaur (D:8)
  A phantom (D:6)
  A kobold brigand (D:6)
  A bullfrog (D:6)
  3 scorpions
  A necrophage (D:7)
  10 vampire bats (Bailey)
  A howler monkey (D:4)
  6 wolf zombies (Bailey)
  7 hounds
  A jelly (D:7)
  A gnoll shaman (D:3)
  3 orc priests
  Jessica (D:3)
  7 orc wizards
  3 iguanas
  7 gnolls
  6 adders
  2 worms
  3 dart slugs
  21 orcs
  6 endoplasms
  8 giant cockroaches
  7 goblins
  7 hobgoblins
  8 kobolds
  5 quokkas
  12 ball pythons
  3 bats
  2 frilled lizards
  10 orc zombies (Bailey)
  2 rats
166 creatures vanquished.

Table legend:
 A = Non-vault XP
 B = Vault XP
 C = Vault XP percentage of total XP
 D = Non-vault monster count
 E = Vault monster count
 F = Vault count percentage of total count
                 A         B        C        D         E       F
            +---------+---------+-------+---------+---------+-------
      Total |    3001 |    1180 |  28.2 |     132 |      34 |  20.5
            +---------+---------+-------+---------+---------+-------
        D:1 |      23 |       0 |   0.0 |      14 |       0 |   0.0
        D:2 |      61 |       0 |   0.0 |      18 |       0 |   0.0
        D:3 |     269 |      37 |  12.1 |      29 |       1 |   3.3
        D:4 |     540 |       0 |   0.0 |      29 |       0 |   0.0
        D:5 |     484 |     213 |  30.6 |      11 |       2 |  15.4
        D:6 |     751 |       0 |   0.0 |      17 |       0 |   0.0
        D:7 |     761 |       0 |   0.0 |      13 |       0 |   0.0
        D:8 |     112 |      11 |   8.9 |       1 |       5 |  83.3
     Bailey |       0 |     919 | 100.0 |       0 |      26 | 100.0
            +---------+---------+-------+---------+---------+-------

Illustrated notes

Table legend:
 A = Kills in this place as a percentage of kills in entire the game.
 B = Kills by you in this place as a percentage of kills by you in the entire game.
 C = Kills by friends in this place as a percentage of kills by friends in the entire game.
 D = Other kills in this place as a percentage of other kills in the entire game.
 E = Experience gained in this place as a percentage of experience gained in the entire game.
 F = Experience gained in this place divided by the number of levels of this place that you have seen.
                   A       B       C       D       E      F
               +-------+-------+-------+-------+-------+----------------------
         Total | 100.0 | 100.0 |   N/A |   N/A | 100.0 | 418.1
       Dungeon |  84.3 |  84.3 |   N/A |   N/A |  78.0 | 407.8
        Bailey |  15.7 |  15.7 |   N/A |   N/A |  22.0 | 919.0
               +-------+-------+-------+-------+-------+----------------------

Table legend: (Time is in decaauts)
 A = Elapsed time spent in this place.
 B = Non-inter-level travel time spent in this place.
 C = Inter-level travel time spent in this place.
 D = Time resting spent in this place.
 E = Time spent auto-exploring this place.
 F = Levels seen in this place.
 G = Mean time per level.
                   A        B        C        D        E       F      G
               +--------+--------+--------+--------+--------+-----+--------+
         Total |   8009 |   7596 |    413 |   1102 |   5283 |  10 |  800.9 |
       Dungeon |   7457 |   7078 |    379 |   1102 |   4909 |   8 |  932.1 |
        Temple |    109 |     76 |     33 |      0 |     53 |   1 |  109.0 |
        Bailey |    442 |    442 |      0 |      0 |    321 |   1 |  442.0 |
               +--------+--------+--------+--------+--------+-----+--------+

Top non-repeatable levels by time:
     D:4: 1599 daAuts
     D:1: 1223 daAuts
     D:3: 1158 daAuts
     D:5: 1012 daAuts
     D:2: 959 daAuts
     D:7: 795 daAuts
     D:6: 672 daAuts
  Bailey: 442 daAuts
  Temple: 109 daAuts
     D:8: 36 daAuts
